 Dungeon Crawl Stone Soup version 0.29.0-13-gc9e81de378 (webtiles) character file.

Game seed: 273848662925335616

3695 jt the Envoy of Void (level 10, 0/56 HPs)
             Began as a Gargoyle Abyssal Knight on Sept 9, 2022.
             Was a High Priest of Lugonu.
             Slain by a steam dragon (2 damage)
             ... on level 8 of the Dungeon.
             The game lasted 00:13:54 (7292 turns).

jt the Envoy of Void (Gargoyle Abyssal Knight)      Turns: 7292, Time: 00:13:56

Health: 0/56       AC: 19    Str: 21    XL:     10   Next: 13%
Magic:  12/16      EV: 13    Int:  6    God:    Lugonu [*****.]
Gold:   105        SH:  6    Dex: 10    Spells: 9/9 levels left

rFire   . . .      SeeInvis .   T - +4 war axe
rCold   . . .      Faith    +   D - +1 buckler {reflect}
rNeg    + . .      Spirit   .   l - +1 scale mail
rPois   ∞          Reflect  +   z - +0 helmet
rElec   +          Harm     .   r - +0 cloak
rCorr   +          Rampage  .   (no gloves)
Will    .....                   n - +1 pair of boots of Ocuovitta {rElec rCorr Int-5}
Stlth   ..........              M - amulet of faith
HPRegen 0.18/turn               v - ring of flight
MPRegen 0.15/turn               G - +4 ring of evasion

@: flying
A: sickness immunity, AC +7, negative energy resistance 1, electricity
resistance, torment resistance 1, petrification resistance
a: Renounce Religion, Depart the Abyss, Bend Space, Banish, Corrupt, Enter the
Abyss


You were on level 8 of the Dungeon.
You worshipped Lugonu.
Lugonu was extremely pleased with you.
You visited 2 branches of the dungeon, and saw 9 of its levels.
You visited the Abyss 1 time.

You collected 321 gold pieces.
You spent 216 gold pieces at shops.

Inventory:

Hand Weapons
 a - a +1 war axe of freezing
 g - a +0 whip of draining
 o - a +0 sling
 t - a +0 trident
 H - a +2 spear of freezing
 N - a +4 mace
 O - the +3 hand axe of Scorn {pain, rElec rF- rN+++ Int-2}
   (You bought it in a shop on level 6 of the Dungeon)

   In the hands of one skilled in necromantic magic, it inflicts extra damage on
   living creatures.
   Int:       It affects your intelligence (-2).
   rF:        It makes you vulnerable to fire.
   rElec:     It insulates you from electricity.
   rN:        It renders you almost immune to negative energy.
 T - a +4 war axe (weapon)
Missiles
 b - 68 stones
 f - 15 poisoned darts (quivered)
 x - 11 javelins
 I - 5 atropa-tipped darts
 P - a curare-tipped dart
Armour
 l - a +1 scale mail (worn)
 m - a +2 kite shield
 n - the +1 pair of boots of Ocuovitta (worn) {rElec rCorr Int-5}
   (You found it on level 2 of the Dungeon)

   Int:       It affects your intelligence (-5).
   rElec:     It insulates you from electricity.
   rCorr:     It protects you from acid and corrosion.
 r - a +0 cloak (worn)
 u - the +0 leather armour "Esmet" {rC+}
   (You took it off an orc on level 3 of the Dungeon)

   rC:        It protects you from cold.
 y - a +1 robe of positive energy
 z - a +0 helmet (worn)
 A - the +1 robe "Zupsoske" {Drain rC+ Stlth+}
   (You found it on level 5 of the Dungeon)

   rC:        It protects you from cold.
   Drain:     It drains your maximum health when unequipped.
   Stlth:     It makes you more stealthy.
 D - a +1 buckler of reflection (worn)
 J - a +0 chain mail
Jewellery
 v - a ring of flight (left hand)
 G - a +4 ring of evasion (right hand)
 M - an amulet of faith (around neck)
Wands
 h - a wand of flame (43)
 B - a wand of mindburst (11)
 S - a wand of polymorph (2)
Scrolls
 c - 2 scrolls of enchant armour
 d - 2 scrolls of teleportation
 e - 2 scrolls of immolation
 s - a scroll of silence
 w - 2 scrolls of vulnerability
 R - a scroll of acquirement {unknown}
Potions
 j - a potion of haste
 k - a potion of degeneration {unknown}
 p - 3 potions of berserk rage
 q - 2 potions of curing
 C - a potion of flight {unknown}
 E - a potion of magic {unknown}
 F - a potion of heal wounds {unknown}
 K - 2 potions of mutation
 L - a potion of cancellation {unknown}
 Q - a potion of might {unknown}


   Skills:
 - Level 3.2 Fighting
 + Level 8.3 Axes
 - Level 2.0 Throwing
 - Level 2.1 Armour
 - Level 0.7 Dodging
 + Level 8.3 Shields
 + Level 8.7 Invocations


You had 9 spell levels left.
You didn't know any spells.
Your spell library contained the following spells:

 Spells                   Type           Power      Damage    Failure   Level
 Apportation              Tloc           0%         N/A       86%         1
 Sting                    Tmut/Pois      0%         1d3       86%         1
 Ensorcelled Hibernation  Hex/Ice        0%         N/A       95%         2
 Passwall                 Tmut/Erth      0%         N/A       95%         2
 Poisonous Vapours        Pois/Air       0%         N/A       95%         2
 Ignite Poison            Fire/Tmut/Pois 0%         N/A       99%         3
 Mephitic Cloud           Conj/Pois/Air  0%         N/A       99%         3
 Swiftness                Air            0%         N/A       99%         3
 Olgreb's Toxic Radiance  Pois           0%         N/A       100%        4
 Passage of Golubria      Tloc           0%         N/A       100%        4
 Alistair's Intoxication  Tmut/Pois      0%         N/A       100%        5
 Freezing Cloud           Conj/Ice/Air   0%         6-21      100%        5
 Silence                  Hex/Air        0%         N/A       100%        5
 Lehudib's Crystal Spear  Conj/Erth      0%         10d2      100%        8


Dungeon Overview and Level Annotations

Branches:
Dungeon (8/15)             Temple (1/1) D:6            Lair (0/5) D:8

Altars:
Cheibriados
Fedhas
Kikubaaqudgha
Okawaru
Vehumet
Wu Jian
Xom
Zin
The Shining One

Shops:
D:6 (   D:7 =

Annotations:
D:7 1 runed translucent door, Crazy Yiuf


Innate Abilities, Weirdness & Mutations

You are immune to sickness and miasma.
Your stone body is resilient. (AC +7)
You are immune to poison.
You resist negative energy. (rN+)
You are resistant to electric shocks. (rElec)
You are resistant to unholy torment.
You are immune to petrification.


Message History

Aiming: Mindburst
Press: ? - help, Shift-Dir - straight line, f - steam dragon
Aim: a steam dragon (chance to affect: 64%)
The steam dragon's mind is blasted!
The steam dragon breathes steam at you.
The ball of steam hits you but does no damage.
You hear a shout!
You hear an angry hiss.
You barely miss the steam dragon.
The steam dragon is moderately wounded.
You are engulfed in a cloud of scalding steam.
The steam dragon bites you but does no damage.
The steam dragon claws you but does no damage.
You block the steam dragon's attack. The steam dragon barely misses you.
The steam dragon bites you! The steam dragon barely misses you.
Okay, then.
Okay, then.
Unknown command.
Press: ? - help, v - describe, . - travel
Here: a steam dragon The floor.
Press: ? - help, Shift-Dir - straight line, f - steam dragon, p - steam dragon
Aim: a steam dragon (chance to affect: 85%)
The steam dragon is devoured by a tear in reality.
Lugonu claims a new guest.
The steam dragon breathes steam at you. The ball of steam hits you!!
* * * LOW HITPOINT WARNING * * *
Okay, then.
Okay, then.
The steam dragon attacks as you move away!
The steam dragon bites you!
* * * LOW HITPOINT WARNING * * *
You block the steam dragon's attack.
You feel better.
You are engulfed in a cloud of scalding steam.
* * * LOW HITPOINT WARNING * * *
The steam dragon bites you!
* * * LOW HITPOINT WARNING * * *
The steam dragon claws you.
You die...

..#*## *,** *#..# *#≈§....~~~*
#.##.* **.#* #..##*§§§....,,~~
#.#.#* **.## #...##≈.)..§.,,,~
#...## *#.## #....'..D§§.≈~~,,
.....## #..## #.[###≈..§≈..,~,,
...#..## #...# #..# *≈..§§§≈,~,,
..###..####...###§§##*≈≈..§).,~,,
..# ##..........D§§)###≈..≈§≈,~,,
..# #..........@§§..#*≈≈..§.~,,,
.## #....###...§§...#*#≈≈../,,,,
## #..### ###.§##..# *#≈≈≈.,,,~ #
#..# #..##..# ***~~~~~~ #..#
#.####.# ******* ##.# #.# *.#
*#.# #.# *.# *,** ### *.# **,*
**,*


You could see a steam dragon.

Vanquished Creatures
  A wyvern (D:7)
  A steam dragon (D:8)
  6 yaks
  3 water moccasins
  An ice beast (D:7)
  An ogre (D:7)
  A centaur (D:7)
  A phantom (D:6)
  2 kobold brigands (D:7)
  A bullfrog (D:7)
  A necrophage (D:7)
  5 scorpions
  7 wights
  3 howler monkeys (D:7)
  4 jellies
  A gnoll bouda (D:5)
  6 hounds
  Jessica (D:2)
  2 iguanas
  3 orc wizards (D:4)
  8 gnolls
  6 adders
  A shadow imp (D:6)
  2 white imps
  An ufetubus (D:5)
  3 worms
  A dart slug (D:2)
  13 orcs
  5 ball pythons
  A bat (D:2)
  8 endoplasms
  7 giant cockroaches
  13 goblins
  5 hobgoblins
  5 jackals (D:1)
  3 quokkas
  3 frilled lizards
  23 kobolds
159 creatures vanquished.

Notes
Turn   | Place    | Note
-------+----------+-------------------------------------------
     0 | Abyss:1  | jt the Gargoyle Abyssal Knight began the quest for the Orb.
     0 | Abyss:1  | Reached XP level 1. HP: 14/14 MP: 2/2
     1 | D:1      | Escaped the Abyss
   286 | D:1      | Reached XP level 2. HP: 17/19 MP: 3/3
   848 | D:1      | You fall into a shaft and drop 1 floor!
  1068 | D:1      | Reached XP level 3. HP: 23/23 MP: 4/4
  1149 | D:2      | Noticed Jessica
  1158 | D:2      | Killed Jessica
  1160 | D:2      | Reached XP level 4. HP: 21/28 MP: 5/5
  1249 | D:2      | Identified the +1 pair of boots of Ocuovitta {rElec rCorr
                  | Int-5}
  1365 | D:2      | Reached *** piety under Lugonu
  1485 | D:2      | Found a faded altar of an unknown god.
  2000 | D:3      | Reached XP level 5. HP: 32/32 MP: 6/6
  2013 | D:3      | Identified the +0 leather armour "Esmet" {rC+}
  2226 | D:3      | Reached skill level 1 in Shields
  2623 | D:4      | Found a shimmering altar of Xom.
  2740 | D:4      | Reached **** piety under Lugonu
  2743 | D:4      | Reached XP level 6. HP: 37/37 MP: 6/8
  3011 | D:4      | Found a snail-covered altar of Cheibriados.
  3090 | D:4      | Found a glowing golden altar of the Shining One.
  3211 | D:4      | Noticed a water moccasin
  3227 | D:4      | Killed a water moccasin
  3228 | D:4      | Reached skill level 5 in Axes
  3228 | D:4      | Reached XP level 7. HP: 29/41 MP: 8/10
  3709 | D:5      | Entered Level 5 of the Dungeon
  3710 | D:5      | Identified the +1 robe "Zupsoske" {Drain rC+ Stlth+}
  4072 | D:5      | Noticed a yak
  4073 | D:5      | Noticed a yak
  4073 | D:5      | Noticed a yak
  4074 | D:5      | Noticed a yak
  4074 | D:5      | Noticed a yak
  4074 | D:5      | Noticed a yak
  4088 | D:4      | Killed a yak
  4089 | D:4      | Reached skill level 5 in Invocations
  4286 | D:5      | Reached XP level 8. HP: 30/46 MP: 11/11
  4759 | D:5      | Killed a yak
  4760 | D:5      | Reached skill level 5 in Shields
  4767 | D:5      | Killed a yak
  4817 | D:5      | Killed a yak
  5091 | D:4      | Killed a yak
  5124 | D:4      | Killed a yak
  5125 | D:4      | Reached XP level 9. HP: 16/51 MP: 10/14
  5579 | D:6      | Reached skill level 1 in Throwing
  5808 | D:6      | Found a staircase to the Ecumenical Temple.
  5840 | Temple   | Entered the Ecumenical Temple
  6003 | D:6      | Found an ornate altar of the Wu Jian Council.
  6250 | D:6      | Found Vuenuc's Antique Weapon Emporium.
  6257 | D:6      | Bought a masterwork hand axe for 216 gold pieces
  6257 | D:6      | Identified the +3 hand axe of Scorn {pain, rElec rF- rN+++
                  | Int-2} (You bought it in a shop on level 6 of the Dungeon)
  6456 | D:7      | Found Rafruebio's Jewellery Shop.
  6828 | D:7      | Found an ornate altar of the Wu Jian Council.
  6861 | D:7      | Reached ***** piety under Lugonu
  6944 | D:7      | Reached XP level 10. HP: 56/56 MP: 16/16
  7017 | D:7      | Found a blossoming altar of Fedhas.
  7017 | D:7      | Found a radiant altar of Vehumet.
  7018 | D:7      | Found an iron altar of Okawaru.
  7095 | D:7      | Found a runed translucent door.
  7096 | D:7      | Noticed Crazy Yiuf
  7291 | D:8      | HP: 1/56 [steam dragon (7)]
  7292 | D:8      | Slain by a steam dragon

Illustrated notes

Levels and vault maps discovered:
D:1:      elethiomel_arrival_maze, layout_loops_ring, minmay_misc_feat_x,
          minmay_misc_feat_columns, minmay_cupped
D:2:      kennysheep_the_goblin_king, layout_rooms,
          shapermc_ecumenical_altar_totnotflames, minmay_heptomino_d4,
          uniq_jessica
D:3:      layout_loops_ring, minivault_14
D:4:      layout_gridville, kennysheep_mini_moat, mainiacjoe_overflow_paths,
          lemuel_crystal_altar, hangedman_decor_peaks_small, hex_large,
          grunt_ministairs_15, st_stairs_5, minmay_misc_feat_alley,
          minmay_stone_trees_medium, ebering_dispersal_statue_hall
D:5:      layout_basic, dk_vineyard_1
D:6:      layout_loops_ring, mainiacjoe_overflow_six_doors_small,
          minmay_temple_entry_sparse_star, serial_shops, shop, st_stairs_2
D:7:      layout_gridville, gammafunk_temple_overflow_forgotten, serial_shops,
          shop, minmay_ruined_shrine, uniq_crazy_yiuf_cottage
D:8:      minmay_the_grid_triangle_9x9_rhombus_full
          [minmay_the_grid_triangle_9x9_stretched_checkered,
          minmay_the_grid_triangle_9x9_limited_checkers,
          minmay_the_grid_triangle_9x9_flanged_cone,
          minmay_the_grid_triangle_9x9_longest,
          minmay_the_grid_triangle_9x9_empty,
          minmay_the_grid_triangle_9x9_corruption,
          minmay_the_grid_triangle_9x9_odd_lines,
          minmay_the_grid_triangle_9x9_prize_center], layout_layer_cave,
          erik_lair_dragon, enter_bailey_1, kennysheep_potato, uniq_maggie
Temple:   nicolae_temple_bog_church

Skill      XL: |  1  2  3  4  5  6  7  8  9 10 |
---------------+-------------------------------+-----
Axes           | 2 3 4 5 6 8 |  8.3
Shields        | 2 3 4 6 7 8 |  8.3
Invocations    | 3 4 5 6 8 |  8.7
Throwing       | 2 |  2.0
Fighting       | |  3.2
Armour         | |  2.1
Dodging        | |  0.7

Action                   |  1- 3 |  4- 6 |  7- 9 | 10-12 || total
-------------------------+-------+-------+-------+-------++-------
Melee: Hand axe          |    79 |    97 |       |       ||   176
       Punch             |     1 |       |       |       ||     1
       War axe           |       |    82 |   282 |    18 ||   382
Throw: Javelin           |       |     3 |       |       ||     3
       Stone             |       |     1 |     6 |       ||     7
       Dart              |       |       |    27 |       ||    27
Invok: Bend Space        |       |       |    10 |       ||    10
       Banish            |       |       |       |     1 ||     1
Evoke: Wand              |       |       |       |     2 ||     2
  Use: Scroll            |     1 |     8 |     4 |     1 ||    14
       Potion            |       |     1 |       |     1 ||     2
Armor: Leather armour    |    25 |       |       |       ||    25
       Scale mail        |     6 |   104 |   121 |    10 ||   241
Dodge: Dodged            |    61 |    68 |   150 |    11 ||   290
Block: Kite shield       |       |    60 |    14 |       ||    74
       Buckler           |       |       |    70 |     7 ||    77
       Reflection        |       |       |     2 |       ||     2
